 Dungeon Crawl Stone Soup version bcrawl-1.38.3 (webtiles) character file.

Game seed: 8142529027676487452

437316 vcxz the Carver (level 12, -9/91 (92) HPs)
             Began as a Mummy Archaeologist on June 13, 2023.
             Was a Plaything of Xom.
             Mangled by a death ooze (29 damage)
             ... in a Gauntlet.
             The game lasted 00:19:38 (12407 turns).

vcxz the Carver (Mummy Archaeologist)              Turns: 12407, Time: 00:19:39

HP:   -9/91 (92)    AC: 11    Str: 15    XL:     12   Next: 53%
MP:   12/12         EV: 10    Int: 13    God:    Xom [......]
Gold: 1831          SH: 10    Dex: 18    Spells: 11/11 levels left

rFire    x . .     GDR:     29% n - +6 long sword (elec)
rCold    + . .     SeeInvis .   (no shield)
rNeg     + + +     Gourm    .   a - +1 troll leather armour
rPois    ∞         Faith    .   d - +1 hat
rElec    +         Spirit   .   (no cloak)
rCorr    +         Reflect  +   h - +2 pair of gloves {Dex+3}
MR       +....     Clarity  +   c - +1 pair of boots Stlth ++........NoTele +
                                f - +5 amulet of reflection
HPRegen  0.65/turn              b - +5 ring of slaying
MPRegen  0.13/turn              v - ring "Ynolaux" {+Blink rElec rCorr Int-4 Dex+4}

@: constricted
A: no food or potions, fire vulnerability, clarity, cold resistance 1, negative
energy resistance 3, torment resistance, unbreathing, strong hexes 1
a: Renounce Religion, Evoke Blink


You were in a Gauntlet.
You worshipped Xom.
You were a very special plaything of Xom.
You were not hungry.

You visited 3 branches of the dungeon, and saw 15 of its levels.
You also visited: Ossuary and Gauntlet.

You collected 2076 gold pieces.
You spent 245 gold pieces at shops.

Inventory:

Hand Weapons
 n - a +6 long sword of electrocution (weapon)
 t - a +3 hand axe
Armour
 a - a +1 troll leather armour (worn)
 c - a +1 pair of boots (worn)
 d - a +1 hat (worn)
 h - a +2 pair of gloves of dexterity (worn)
 p - the +2 medium shield of the Fisher {Dex+4}
   (You found it on level 5 of the Dungeon)

   It affects your dexterity (+4).
 B - a +2 pair of gloves
Jewellery
 b - a +5 ring of slaying (left hand)
 f - a +5 amulet of reflection (around neck)
 o - an uncursed ring of protection from magic {unknown}
 r - the ring "Sic Sops" {+Fly SInv}
   (You found it on level 2 of the Lair of Beasts)

   [ring of flight]

   It lets you see invisible.
   It lets you fly.
 v - the ring "Ynolaux" (right hand) {+Blink rElec rCorr Int-4 Dex+4}
   (You acquired it in an ossuary)

   [ring of resist corrosion]

   It affects your intelligence (-4).
   It affects your dexterity (+4).
   It insulates you from electricity.
   It lets you blink.
   It provides partial protection from all sources of acid and corrosion.
 z - an uncursed ring of resist corrosion
 A - a +1 ring of protection {unknown}
 C - an uncursed ring of resist corrosion
Wands
 q - a wand of polymorph (10)
 w - a wand of flame (17)
 x - a wand of acid (4)
 y - a wand of iceblast (8)
Scrolls
 g - a scroll of magic mapping
 j - 10 scrolls of teleportation
 k - a scroll of blinking
 l - 3 scrolls of remove curse
 m - 3 scrolls of fear
 s - 3 scrolls of fog
 u - 2 scrolls of amnesia
Miscellaneous
 e - a phial of floods


   Skills:
 - Level 8.0 Fighting
 - Level 14.5 Long Blades
   Level 0.7 Maces & Flails
 - Level 2.4 Dodging
 - Level 3.2 Stealth
 * Level 6.3 Shields


You had 11 spell levels left.
You didn't know any spells.
Your spell library contained the following spells:

 Spells                   Type           Power        Failure   Level  Hunger
 Throw Frost              Conj/Ice       #.....       22%         2    N/A
 Freeze                   Ice            #.....       36%         1    N/A
 Magic Dart               Conj           #...         36%         1    N/A
 Sandblast                Erth           #.....       36%         1    N/A
 Sting                    Conj/Pois      #...         36%         1    N/A
 Blink                    Tloc           N/A          50%         2    N/A
 Call Imp                 Summ           #.....       50%         2    N/A
 Passwall                 Tmut/Erth      #.......     50%         2    N/A
 Poisonous Vapours        Pois/Air       #.....       50%         2    N/A
 Searing Ray              Conj           #.......     50%         2    N/A
 Conjure Flame            Conj/Fire      #.......     75%         3    N/A
 Ignite Poison            Fire/Tmut/Pois #.......     75%         3    N/A
 Iskenderun's Mystic Bla  Conj           #.......     75%         3    N/A
 Mephitic Cloud           Conj/Pois/Air  #.......     75%         3    N/A
 Ozocubu's Armour         Chrm/Ice       #.......     75%         3    N/A
 Stone Arrow              Conj/Erth      #.....       75%         3    N/A
 Fulminant Prism          Conj/Hex       #.........   98%         4    N/A
 Olgreb's Toxic Radiance  Pois           #........    98%         4    N/A
 Petrify                  Tmut/Erth      #.........   98%         4    N/A
 Sticky Flame             Conj/Fire      #.......     98%         4    N/A
 Summon Ice Beast         Ice/Summ       #.......     98%         4    N/A
 Summon Scorpions         Summ/Pois      #.......     98%         4    N/A
 Throw Icicle             Conj/Ice       #.......     98%         4    N/A
 Irradiate                Conj/Tmut      #.........   100%        5    N/A
 Lee's Rapid Deconstruct  Erth           #.........   100%        5    N/A
 Venom Bolt               Conj/Pois      #.........   100%        5    N/A
 Ozocubu's Refrigeration  Ice            #.........   100%        6    N/A
 Virulence                Hex/Pois       #.......     100%        6    N/A
 Sublimation of Blood     Necr           Unusable     N/A         2    N/A
 Spider Form              Tmut/Pois      Unusable     N/A         3    N/A
 Ice Form                 Ice/Tmut       Unusable     N/A         4    N/A

Dungeon Overview and Level Annotations

Branches:
Dungeon (10/12)            Temple (1/1) D:6            Lair (4/6) D:7
 Shoals (0/3) Lair:4       Spider (0/3) Lair:3
    Orc: D:8-11

Altars:
Ashenzari
Cheibriados
Dithmenos
Gozag
Hepliaklqana
Kikubaaqudgha
Lugonu
Makhleb
Nemelex Xobeh
Okawaru
Qazlal
Ru
Sif Muna
Trog
Uskayaw
Vehumet
Wu Jian
Xom
Yredelemnul

Shops:
D:5 *(   D:9 :

Annotations:
D:3 3 runed translucent doors, vcxz's ghost, amateur NaAc
Lair:1 1 runed translucent door, fifreuwaquouxo3460's ghost, novice TrAc
Lair:3 1 runed translucent door, Feulaj's ghost, journeyman MiBe Gauntlet 6 transporters, exclusion: 2 lightning spires


Innate Abilities, Weirdness & Mutations

You do not eat or drink.
Your flesh is vulnerable to fire.
You are immune to poison.
You possess an exceptional clarity of mind.
Your flesh is cold resistant. (rC+)
You are immune to negative energy. (rN+++)
You are immune to unholy pain and torment.
You can survive without breathing.
Your hexes are more powerful.


Message History

You slice the death ooze!!
The death ooze is heavily damaged.
You block the death ooze's attack. x2
You barely miss the death ooze.
The death ooze is heavily damaged. "This might be better!"
The death ooze suddenly seems more agile.
No path to travel!
You slash the death ooze!
Lightning courses through the death ooze!
The death ooze is almost destroyed.
The death ooze hits you!
You feel terrible. The death ooze grabs you.
* * * LOW HITPOINT WARNING * * *
A shower of butterflies erupts from you!
The death ooze constricts you!!
No path to travel!
You barely miss the death ooze.
The death ooze is almost destroyed.
You block the death ooze's attack.
You die...

#################
#8......⌠......8#
#...............#
#..###########..#
###..#.........#..###
#8...#..##.##..#...8#
#....#.##...##(#....#
#..###.#.....#.###..#
#..#§#....©...©#@#..#
#..#.#.#.....#.#J#..#
#..#.#.##...##$#.#..#
#..#.#..##.##..#b#..#
#..#.#.........#.#..#
#..#.###########.#..#
#..#.#.........#.#..#######
...#.#####.#####.#.......8#
...#.....#.#.....#........#


You could see a death ooze.

Vanquished Creatures
  A hydra (Lair:2)
  A centaur warrior (D:6)
  An orb spider (Lair:3)
  9 cane toads
  A rime drake (Lair:3)
  A komodo dragon (Lair:3)
  A troll (D:6)
  2 hornets
  Grinder (D:5)
  13 blink frogs
  A hippogriff (Lair:3)
  26 yaks
  2 shadows (Gauntlet)
  A hungry ghost (D:8)
  A steam dragon (Lair:3)
  A basilisk (D:6)
  7 water moccasins
  9 crocodiles
  Duvessa (D:4)
  7 porcupines
  2 orc warriors
  A black bear (D:7)
  3 sky beasts
  3 phantoms
  2 necrophages
  2 ogres
  A blink frog skeleton (D:10)
  12 bullfrogs
  4 kobold brigands
  A rime drake skeleton (D:10)
  A gnoll sergeant (D:9)
  Dowan (D:4)
  4 centaurs
  4 scorpions
  7 killer bees
  A wight (D:6)
  A howler monkey (D:6)
  4 crimson imps
  2 orc priests
  A quasit (D:7)
  2 hounds
  2 jellies (D:7)
  A gnoll shaman (D:10)
  2 iguanas
  Ijyb (D:5)
  Natasha (twice) (D:4)
  3 orc wizards
  11 worker ants
  A killer bee zombie (D:9)
  2 hound zombies
  13 mummies (Ossuary)
  2 worker ant zombies
  A howler monkey zombie (D:8)
  4 gnolls
  A howler monkey skeleton (D:9)
  10 adders
  2 shadow imps
  An ooze (D:7)
  An adder zombie (D:8)
  An adder skeleton (D:9)
  2 worms (D:2)
  3 dart slugs
  6 leopard geckos
  15 orcs
  5 bats
  3 giant cockroaches
  5 goblins
  8 hobgoblins
  5 jackals
  3 quokkas
  A ball python (D:2)
  5 frilled lizards
  3 gnoll skeletons (Ossuary)
  3 goblin skeletons (Ossuary)
  A jackal skeleton (D:4)
  16 kobolds
  A kobold skeleton (Ossuary)
  An orc skeleton (Ossuary)
  3 rats
  11 rat skeletons (Ossuary)
  A fungus (Lair:1)
  A plant (D:8)
309 creatures vanquished.

Vanquished Creatures (collateral kills)
  A gargoyle (D:9)
  A cane toad (Lair:1)
  A blink frog (Lair:2)
  A hippogriff (Lair:1)
  4 yaks
  A bullfrog (Lair:2)
  An orc priest (D:10)
  2 gnolls (D:10)
  A plant (Lair:1)
13 creatures vanquished.

Grand Total: 322 creatures vanquished

Notes
Turn   | Place    | Note
-------+----------+-------------------------------------------
     0 | D:1      | vcxz the Mummy Archaeologist began the quest for the Orb.
     0 | D:1      | Reached XP level 1. HP: 15/15 MP: 1/1
   139 | D:1      | Reached XP level 2. HP: 17/22 MP: 2/2
   440 | D:1      | Reached XP level 3. HP: 18/29 MP: 3/3
  1837 | D:3      | Found an opulent altar of Gozag.
  1839 | D:3      | Found a stormy altar of Qazlal.
  1839 | D:3      | Found a burning altar of Makhleb.
  2000 | D:3      | Reached XP level 4. HP: 33/37 MP: 4/4
  2060 | D:3      | Reached skill level 1 in Long Blades
  2393 | D:3      | Found a runed translucent gate.
  2393 | D:3      | Found a runed translucent gate.
  2393 | D:3      | Found a runed translucent gate.
  2393 | D:3      | Noticed vcxz's ghost (amateur NaAc)
  2547 | D:4      | Reached XP level 5. HP: 42/42 MP: 5/5
  2547 | D:4      | Identified a scroll of acquirement
  2567 | D:4      | Reached skill level 2 in Long Blades
  2580 | D:4      | Noticed a sky beast
  2586 | D:4      | Killed a sky beast
  2595 | D:4      | Noticed an orc warrior
  2601 | D:4      | Killed an orc warrior
  2602 | D:4      | Reached skill level 3 in Long Blades
  2602 | D:4      | Reached XP level 6. HP: 47/50 MP: 6/6
  2619 | D:4      | Noticed Duvessa
  2619 | D:4      | Noticed Dowan
  2632 | D:4      | Killed Duvessa
  2633 | D:4      | Reached skill level 5 in Fighting
  2640 | D:4      | Killed Dowan
  2641 | D:4      | Reached skill level 4 in Long Blades
  2641 | D:4      | Reached XP level 7. HP: 47/56 MP: 7/7
  2664 | D:4      | Noticed Natasha
  2672 | D:4      | Killed Natasha
  3314 | D:4      | Noticed Natasha
  3318 | D:4      | Killed Natasha
  3319 | D:4      | Reached skill level 5 in Long Blades
  3481 | D:5      | Entered Level 5 of the Dungeon
  3633 | D:5      | Got a twisted medium shield
  3638 | D:5      | Found Uvin Ycs's General Store.
  3653 | D:5      | Noticed Ijyb
  3661 | D:5      | Killed Ijyb
  3675 | D:5      | Bought a scroll of identify for 28 gold pieces
  3675 | D:5      | Bought a scroll of identify for 28 gold pieces
  3675 | D:5      | Bought a scroll of enchant weapon for 105 gold pieces
  3675 | D:5      | Bought 2 scrolls of teleportation for 84 gold pieces
  3746 | D:5      | Identified the +2 medium shield of the Fisher {Dex+4} (You
                  | found it on level 5 of the Dungeon)
  3775 | D:5      | Noticed Grinder
  3793 | D:5      | Killed Grinder
  3794 | D:5      | Reached skill level 6 in Long Blades
  3794 | D:5      | Reached XP level 8. HP: 53/64 MP: 8/8
  3854 | D:5      | Found Woacve's Antique Weapon Emporium.
  4215 | D:6      | Found a glowing silver altar of Zin.
  4216 | D:6      | Noticed an angel
  4217 | D:6      | Found a shimmering altar of Xom.
  4233 | D:6      | Found a staircase to the Ecumenical Temple.
  4257 | Temple   | Entered the Ecumenical Temple
  4401 | D:6      | Became a worshipper of Xom of Chaos
  4447 | D:6      | XOM: divination: detect creatures
  4449 | D:6      | Reached skill level 7 in Long Blades
  4503 | D:6      | XOM: silly message
  4529 | D:6      | Found a burning altar of Makhleb.
  4615 | D:6      | Noticed a troll
  4621 | D:6      | Killed a troll
  4624 | D:6      | XOM: harmless Summ miscast
  4630 | D:6      | Reached skill level 8 in Long Blades
  4722 | D:6      | Found a shadowy altar of Dithmenos.
  4843 | D:6      | Noticed a centaur warrior
  4845 | D:6      | XOM: harmless Fire miscast
  4853 | D:6      | Killed a centaur warrior
  4854 | D:6      | Reached XP level 9. HP: 26/70 MP: 9/9
  4942 | D:6      | XOM: enchant monster (good)
  4948 | D:6      | Reached skill level 9 in Long Blades
  5406 | D:7      | XOM: divination: detect items
  5408 | D:7      | XOM: harmless Hex miscast
  5457 | D:7      | XOM: noise
  5475 | D:7      | Reached skill level 10 in Long Blades
  5505 | D:7      | Found a sand-covered staircase.
  5509 | Ossuary  | Entered an ossuary
  5670 | Ossuary  | Identified the ring "Ynolaux" {+Blink rElec rCorr Int-4
                  | Dex+4} (You acquired it in an ossuary)
  5988 | D:7      | XOM: cloud trail
  6112 | D:7      | XOM: noise
  6206 | D:7      | Noticed a troll
  6206 | D:7      | a troll changed into a worker ant
  6206 | D:7      | XOM: polymorph troll -> worker ant
  6239 | D:7      | Found a staircase to the Lair.
  6257 | D:7      | XOM: mild Pois miscast
  6404 | D:7      | Reached XP level 10. HP: 79/79 MP: 10/10
  6405 | D:7      | XOM: silly message
  6767 | D:7      | XOM: divination: magic mapping
  6829 | D:8      | Reached skill level 11 in Long Blades
  6984 | D:8      | Found an ancient bone altar of Kikubaaqudgha.
  7183 | D:8      | XOM: god gift: twisted bone wand {god gift}
  7466 | D:8      | XOM: scenery: create altars
  7559 | D:8      | XOM: cloud trail
  7596 | D:8      | XOM: god gift: 1255 gold pieces
  7789 | D:8      | XOM: divination: detect creatures
  7909 | D:8      | XOM: mild Chrm miscast
  8055 | D:9      | XOM: medium Fire miscast
  8091 | D:9      | Noticed a gargoyle
  8098 | D:9      | Killed a gargoyle
  8099 | D:9      | Reached skill level 12 in Long Blades
  8166 | D:9      | Found Seemnoc's Book Emporium.
  8188 | D:9      | Found a hide-covered altar of Uskayaw.
  8248 | D:9      | XOM is BORED!
  8248 | D:9      | XOM: summons 4 hostile shadow creatures
  8249 | D:9      | Noticed a manticore
  8374 | D:9      | XOM: cleaving
  8378 | D:9      | XOM: scenery: create altars
  8382 | D:9      | XOM: cast spell 'Summon Mana Viper'
  8422 | D:9      | Reached XP level 11. HP: 86/86 MP: 11/11
  8743 | D:9      | XOM: summons 1 hostile demon
  8864 | D:10     | Entered Level 10 of the Dungeon
  8926 | D:10     | XOM: summons friendly iron imp
  8952 | D:10     | Noticed a two-headed ogre
  8954 | D:10     | XOM: enchant monster (good)
  9048 | Lair:1   | Entered Level 1 of the Lair of Beasts
  9347 | Lair:1   | XOM: cast spell 'Summon Hydra'
  9391 | Lair:1   | XOM: god gift: ration
  9401 | Lair:1   | XOM: fog
  9402 | Lair:1   | Reached skill level 13 in Long Blades
  9704 | Lair:1   | Noticed fifreuwaquouxo3460's ghost (novice TrAc)
  9705 | Lair:1   | Found a runed translucent door.
  9751 | Lair:1   | XOM: god gift: 42 gold pieces
  9952 | Lair:1   | XOM: harmless Summ miscast
 10008 | Lair:2   | Noticed a five-headed hydra
 10019 | Lair:2   | Killed a nine-headed hydra
 10088 | Lair:2   | XOM: summons friendly white imp
 10104 | Lair:2   | Reached skill level 14 in Long Blades
 10111 | Lair:2   | Got a wavering marble ring
 10112 | Lair:2   | Identified the ring "Sic Sops" {+Fly SInv} (You found it on
                  | level 2 of the Lair of Beasts)
 10126 | Lair:2   | XOM: polymorph white imp -> iron imp
 10189 | Lair:2   | XOM: fog
 10222 | Lair:2   | XOM: noise
 10242 | Lair:2   | XOM: polymorph yak -> hornet
 10249 | Lair:2   | XOM: cast spell 'Metabolic Englaciation'
 10255 | Lair:2   | Reached XP level 12. HP: 52/92 MP: 12/12
 10964 | Lair:3   | Reached skill level 1 in Shields
 11089 | Lair:3   | XOM: confuse monster(s)
 11090 | Lair:3   | XOM: medium Tloc miscast
 11095 | Lair:3   | Found a hole to the Spider Nest.
 11095 | Lair:3   | XOM: summons 12 friendly demons
 11145 | Lair:3   | XOM: harmless Tmut miscast
 11223 | Lair:3   | Found a runed translucent door.
 11223 | Lair:3   | Noticed Feulaj's ghost (journeyman MiBe)
 11288 | Lair:3   | XOM is BORED!
 11288 | Lair:3   | XOM: medium Chrm miscast
 11424 | Lair:3   | XOM: stat loss: -1 Str (14/15)
 11559 | Lair:3   | XOM: summons 5 hostile demons
 11561 | Lair:3   | Reached skill level 5 in Shields
 11626 | Lair:3   | XOM: swap monsters
 12106 | Lair:4   | XOM: cast spell 'Discord'
 12114 | Lair:4   | Found a gate leading to a gauntlet.
 12124 | Gauntlet | Entered a Gauntlet
 12124 | Gauntlet | Found a transporter.
 12124 | Gauntlet | Found a transporter.
 12154 | Gauntlet | Found a transporter.
 12160 | Gauntlet | Found a transporter.
 12170 | Gauntlet | Found a transporter.
 12192 | Gauntlet | Found a transporter.
 12208 | Gauntlet | Found a transporter.
 12208 | Gauntlet | Noticed a death ooze
 12226 | Gauntlet | Found a transporter.
 12245 | Gauntlet | Found a transporter.
 12269 | Gauntlet | Found a transporter.
 12359 | Gauntlet | XOM: swap monsters
 12405 | Gauntlet | XOM: enchant monster (bad)
 12406 | Gauntlet | XOM: butterfly on damage
 12407 | Gauntlet | Mangled by a death ooze

Skill      XL: |  1  2  3  4  5  6  7  8  9 10 11 12 |
---------------+-------------------------------------+-----
Fighting       | 2 3 4 5 6 7 8 |  8.0
Long Blades    | 1 3 4 6 8 10 12 14 | 14.5
Shields        | 6 |  6.3
Maces & Flails | |  0.7
Dodging        | |  2.4
Stealth        | |  3.2

Action                   |  1- 3 |  4- 6 |  7- 9 | 10-12 || total
-------------------------+-------+-------+-------+-------++-------
Melee: Whip              |   199 |       |       |       ||   199
       Long sword        |    40 |    45 |   273 |   521 ||   879
Evoke: Wand              |       |       |       |    10 ||    10
  Use: Scroll            |     3 |     3 |     9 |    17 ||    32
 Stab: Sleeping          |     4 |     5 |     8 |    10 ||    27
       Distracted        |       |       |       |     2 ||     2
       Confused          |       |       |       |     3 ||     3
Armor: Robe              |   107 |     9 |    22 |       ||   138
       Troll leather arm |       |       |    22 |    93 ||   115
Dodge: Dodged            |   154 |    27 |    78 |   202 ||   461
Block: Other             |       |     2 |    38 |   154 ||   194
       Reflection        |       |     1 |     1 |       ||     2
